 Dungeon Crawl Stone Soup version 0.28.0-43-g3370ac3207 (webtiles) character file.

Game seed: 4948130818491639575

1080 Skarlet the Conjurer (level 8, -1/36 HPs)
             Began as a Felid Conjurer on Mar 21, 2022.
             Was a Priest of the Shining One.
             Slain by a kobold brigand
             ... wielding a +0 short sword
              (2 damage)
             ... on level 6 of the Dungeon.
             The game lasted 00:40:37 (6300 turns).

Skarlet the Conjurer (Felid Conjurer)               Turns: 6300, Time: 00:40:38

Health: -1/36      AC:  2    Str:  5    XL:     8   Next: 8%
Magic:  7/17       EV: 19    Int: 19    God:    the Shining One [***...]
Gold:   239        SH:  0    Dex: 15    Spells: 5/17 levels left
                                        Lives:  0   Deaths: 2

rFire   . . .      SeeInvis +     - Unarmed
rCold   . . .      Faith    .   (shield unavailable)
rNeg    + . .      Spirit   .   (armour unavailable)
rPois   .          Reflect  .   (helmet unavailable)
rElec   .          Harm     .   (cloak unavailable)
rCorr   .          Rampage  .   (gloves unavailable)
Will    +....                   (boots unavailable)
Stlth   ++........              (no amulet)
HPRegen 0.12/turn               (no ring)
MPRegen 0.15/turn               (no ring)

@: lethally poisoned (-1 -> -9), very slightly contaminated, slowed, glowing,
slow
A: very small, claws 1, fangs 3, see invisible, speed 1, shaggy fur 2, stealthy
paws, no weapons or thrown items, no armour, multi-lived
a: Renounce Religion, Divine Shield, Cleansing Flame


You were on level 6 of the Dungeon.
You worshipped the Shining One.
The Shining One was most pleased with you.
You visited 1 branch of the dungeon, and saw 6 of its levels.

You collected 359 gold pieces.
You spent 120 gold pieces at shops.

Inventory:

Jewellery
 a - a ring of positive energy
Wands
 i - a wand of polymorph (10)
Scrolls
 c - 3 scrolls of enchant armour {unknown}
 f - a scroll of summoning {unknown}
 g - 2 scrolls of teleportation
 j - a scroll of fear {unknown}
 k - a scroll of noise {unknown}
Potions
 d - a potion of heal wounds {unknown}
 e - a potion of lignification {unknown}
 h - a potion of brilliance
 l - a potion of attraction {unknown}
Miscellaneous
 b - a piece from Xom's chessboard (15/15)


   Skills:
 * Level 3.7 Fighting
 * Level 5.1 Dodging
 * Level 5.6 Stealth
 * Level 3.1 Unarmed Combat
 * Level 5.4 Spellcasting
 * Level 5.8 Conjurations
 * Level 4.0 Hexes
 * Level 1.6 Transmutations
 + Level 1.0 Ice Magic
 * Level 1.3 Poison Magic
 * Level 1.5 Invocations
 * Level 1.7 Evocations


You had 5 spell levels left.
You knew the following spells:

 Your Spells              Type           Power      Damage    Failure   Level
a - Magic Dart            Conj           100%       1d8       1%          1
b - Searing Ray           Conj           54%        2d6       1%          2
c - Spider Form           Tmut/Pois      10%        N/A       19%         3
d - Fulminant Prism       Conj/Hex       11%        3d9       16%         4
e - Wereblood             Tmut           11%        N/A       9%          2

Your spell library contained the following spells:

 Spells                   Type           Power      Damage    Failure   Level
 Dazzling Flash           Conj/Hex       46%        N/A       4%          3
 Beastly Appendage        Tmut           22%        N/A       6%          1
 Ensorcelled Hibernation  Hex/Ice        28%        N/A       6%          2
 Passwall                 Tmut/Erth      6%         N/A       13%         2
 Swiftness                Air            5%         N/A       34%         3
 Iskenderun's Mystic Bla  Conj/Tloc      16%        2d5       34%         4
 Anguish                  Hex/Necr       6%         N/A       45%         4
 Malign Gateway           Summ/Tloc      2%         N/A       100%        7
 Summon Horrible Things   Summ           2%         N/A       100%        8


Dungeon Overview and Level Annotations

Branches:
Dungeon (6/15)             Temple (0/1) D:6

Altars:
Ashenzari
Cheibriados
Sif Muna
Yredelemnul
The Shining One

Shops:
D:4 *

Annotations:
D:6 Sigmund


Innate Abilities, Weirdness & Mutations

You have sharp claws.
You have razor-sharp teeth.
You have supernaturally acute eyesight. (SInv)
You cover ground quickly. (Speed+)
You are covered in thick fur. (AC +2)
Your paws help you pounce on unaware monsters.
You are incapable of wielding weapons or throwing items.
You cannot wear armour.
You gain extra lives every three experience levels.


Message History

You have difficulty breathing.
You feel as though you will be slow longer.
Casting: Fulminant Prism (quite dangerous; 16% risk of failure)
Confirm with . or Enter, or press ? or * to list all spells.
The spell is quite dangerous to miscast (16% risk of failure)!
Continue anyway?
Aiming: Fulminant Prism (quite dangerous; 16% risk of failure)
Press: ? - help, Dir - move target You conjure a prism of explosive energy!
A fulminant prism comes into view.
You feel very sick.
You feel very sick.
Your fulminant prism crackles loudly.
The kobold brigand closely misses you.
You feel sick.
Your fulminant prism explodes!
The kobold brigand closely misses you.
You hear a shout!
You feel sick. The kobold completely misses you.
The kobold hits you with a +0 club.
You feel sick.
The kobold brigand throws a curare-tipped dart.
The curare-tipped dart hits you.
You are more poisoned.
You have difficulty breathing.
* * * LOW HITPOINT WARNING * * *
You feel as though you will be slow longer.
Aiming: Searing Ray (safe; 1% risk of failure)
Press: ? - help, Q - select action, (/) - cycle Shift-Dir - straight line, f - kobold
Aim: a kobold, wielding a +0 club (haloed, 81% to hit)
The searing ray hits the kobold.
The kobold is heavily wounded. (Press . to maintain the ray.)
* * * LOW HITPOINT WARNING * * *
You feel very sick. The kobold hits you but does no damage.
The searing ray hits the kobold!
You kill the kobold!
* * * LOW HITPOINT WARNING * * *
You feel very sick.
The kobold brigand hits you with a +0 short sword.
You die...

#.## ##.# ## #.## ..####
##.# .....######### ##.##
...[.........###########..#
.........................##
.........................#
................@.......##
...............)K........##
....................####..#
.................#####....##
..............#### #.....##
...........#### #......##
........#### ##......##
##.###..# #....#..##
.....#.)# ###...#..##


You could see a kobold brigand.

Vanquished Creatures
  An unseen horror (D:6)
  Menkaure (D:6)
  An ice beast (D:6)
  A sky beast (D:6)
  A black bear (D:4)
  An ogre (D:4)
  3 necrophages
  A phantom (D:5)
  A scorpion (D:6)
  3 water moccasin skeletons
  A howler monkey (D:4)
  2 centaur zombies (D:6)
  4 centaur skeletons
  2 iguanas
  Natasha (thrice) (D:2)
  An orc wizard (D:3)
  A killer bee zombie (D:6)
  A hound skeleton (D:4)
  8 adders
  A shadow imp (D:5)
  A white imp (D:4)
  An ufetubus (D:6)
  An adder skeleton (D:4)
  A worm (D:3)
  6 dart slugs
  8 orcs
  5 endoplasms
  2 giant cockroaches (D:1)
  10 goblins
  7 hobgoblins
  4 jackals (D:1)
  13 kobolds
  5 quokkas
  9 ball pythons
  3 bats
  3 frilled lizards
  3 rats
120 creatures vanquished.

Vanquished Creatures (others)
  7 fulminant prisms
  3 plants (D:6)
10 creatures vanquished.

Grand Total: 130 creatures vanquished

Notes
Turn   | Place    | Note
-------+----------+-------------------------------------------
     0 | D:1      | Skarlet the Felid Conjurer began the quest for the Orb.
     0 | D:1      | Reached XP level 1. HP: 7/7 MP: 4/4
   167 | D:1      | Reached XP level 2. HP: 11/11 MP: 0/6
   170 | D:1      | Learned a level 2 spell: Searing Ray
   573 | D:1      | Reached XP level 3. HP: 10/15 MP: 4/7
   945 | D:1      | Learned a level 2 spell: Ensorcelled Hibernation
  1329 | D:2      | Found a faded altar of an unknown god.
  1355 | D:2      | Prayed at the altar of an unknown god.
  1355 | D:2      | Became a worshipper of the Shining One
  1355 | D:2      | Reached * piety under the Shining One
  1637 | D:2      | Reached skill level 1 in Fighting
  1725 | D:2      | Reached XP level 4. HP: 18/19 MP: 2/8
  1744 | D:2      | Noticed Natasha
  1758 | D:2      | Killed Natasha
  1887 | D:2      | Noticed Natasha
  1897 | D:2      | Killed Natasha
  2054 | D:2      | Noticed Natasha
  2075 | D:2      | Killed Natasha
  2076 | D:2      | Reached skill level 1 in Unarmed Combat
  2076 | D:2      | Reached XP level 5. HP: 20/22 MP: 4/10
  2081 | D:2      | Learned a level 4 spell: Fulminant Prism
  2744 | D:3      | HP: 1/22 [ball python (2)]
  2744 | D:3      | Constricted to death by a ball python
  2745 | D:3      | Reached XP level 4. HP: 0/19 MP: 3/9
  2774 | D:3      | Reached XP level 5. HP: 10/22 MP: 2/10
  2903 | D:3      | Found a snail-covered altar of Cheibriados.
  3776 | D:4      | Noticed a necrophage
  3782 | D:4      | Reached ** piety under the Shining One
  3832 | D:4      | Killed a necrophage
  3833 | D:4      | Reached skill level 1 in Hexes
  3940 | D:4      | Found a shimmering blue altar of Sif Muna.
  3940 | D:4      | Found a broken altar of Ashenzari.
  3992 | D:4      | Gained mutation: You are covered in thick fur. (AC +2)
                  | [Felid growth]
  3992 | D:4      | Reached XP level 6. HP: 26/26 MP: 2/12
  4323 | D:4      | Found Nosesott's Assorted Antiques.
  4383 | D:4      | Reached XP level 7. HP: 17/30 MP: 5/13
  4399 | D:4      | Bought a scroll of identify for 48 gold pieces
  4399 | D:4      | Bought a potion of curing for 72 gold pieces
  4405 | D:4      | Learned a level 3 spell: Spider Form
  4408 | D:4      | Learned a level 2 spell: Wereblood
  4746 | D:5      | Entered Level 5 of the Dungeon
  4807 | D:5      | Reached skill level 5 in Conjurations
  5112 | D:5      | Found a basalt altar of Yredelemnul.
  5122 | D:5      | Reached skill level 5 in Stealth
  5296 | D:6      | Noticed Menkaure
  5300 | D:6      | Killed Menkaure
  5493 | D:6      | Found a staircase to the Ecumenical Temple.
  5556 | D:6      | Reached *** piety under the Shining One
  5601 | D:6      | Reached XP level 8. HP: 19/34 MP: 9/15
  5675 | D:6      | Noticed an unseen horror
  5681 | D:6      | Killed an unseen horror
  5682 | D:6      | Reached skill level 5 in Spellcasting
  5682 | D:6      | Reached skill level 1 in Transmutations
  5682 | D:6      | Reached skill level 1 in Ice Magic
  5682 | D:6      | Reached skill level 1 in Poison Magic
  5682 | D:6      | Reached skill level 1 in Invocations
  5682 | D:6      | Reached skill level 1 in Evocations
  5748 | D:6      | Noticed Sigmund
  5750 | D:6      | Killed from afar by Sigmund
  5751 | D:6      | Reached XP level 7. HP: -5/31 MP: 5/15
  5781 | D:6      | Reached skill level 5 in Dodging
  6115 | D:6      | Reached XP level 8. HP: 29/36 MP: 8/17
  6300 | D:6      | HP: 1/36 [poisoned by a kobold brigand (curare-tipped
                  | dart)]
  6300 | D:6      | Slain by a kobold brigand

Illustrated notes

Levels and vault maps discovered:
D:1:      minmay_arrival_diagonal_passages, layout_basic, serial_aquarium,
          aquarium_bridge_square [aquarium_subvault_wall,
          aquarium_subvault_balcony, aquarium_subvault_bridge,
          aquarium_subvault_bridge], aquarium_bridge_square
          [aquarium_subvault_window, aquarium_subvault_bridge,
          aquarium_subvault_wall, aquarium_subvault_wall],
          aquarium_window_double, aquarium_window_1, aquarium_window_1,
          aquarium_view_2e, aquarium_pool_2, minmay_pentomino_z4
D:2:      layout_loops_ring, nicolae_ecumenical_pavilion, uniq_natasha
D:3:      layout_basic, cheibrodos_worm_habitat
D:4:      layout_loops_ring, grunt_temple_overflow_open,
          nicolae_inconvenience_store
D:5:      layout_rooms, mainiacjoe_overflow_brackets
D:6:      layout_cave_pods, minmay_temple_entry_overgrown,
          hellmonk_bongcloud_opening, minmay_chambers_of_fives, uniq_pikel,
          uniq_sigmund, uniq_menkaure

Skill      XL: |  1  2  3  4  5  6  7  8 |
---------------+-------------------------+-----
Conjurations   | 4 5 |  5.8
Dodging        | 3 4 5 |  5.1
Stealth        | 3 4 5 |  5.6
Fighting       | 1 2 3 |  3.7
Unarmed Combat | 1 2 3 |  3.1
Spellcasting   | 3 4 5 |  5.4
Hexes          | 1 2 4 |  4.0
Transmutations | 1 |  1.6
Ice Magic      | 1 |  1.0
Poison Magic   | 1 |  1.3
Invocations    | 1 |  1.5
Evocations     | 1 |  1.7

Action                   |  1- 3 |  4- 6 |  7- 9 || total
-------------------------+-------+-------+-------++-------
Melee: Unarmed           |    45 |    25 |    10 ||    80
       Bite              |     2 |     4 |       ||     6
       Punch             |     2 |     1 |     1 ||     4
 Cast: Magic Dart        |    20 |     3 |     1 ||    24
       Searing Ray       |    21 |    36 |    33 ||    90
       Ensorcelled Hiber |     2 |     8 |       ||    10
       Fulminant Prism   |       |     2 |     5 ||     7
       Spider Form       |       |       |     1 ||     1
  Use: Scroll            |     2 |     1 |     4 ||     7
       Potion            |       |       |     4 ||     4
 Stab: Sleeping          |     4 |       |       ||     4
Armor: Skin              |     1 |     2 |     8 ||    11
Dodge: Dodged            |    37 |    54 |    74 ||   165
